Map: Odyssey LE

Players

Zero

  • Race: Terran Terran
  • League: Master
  • Spawn Location: 11:00

Maplez - Winner!

  • Race: Protoss Protoss
  • League: Master
  • Spawn Location: 5:00

VOD

Have the link to the VOD?

Description

Time

  • Played on: May 8, 2017, 9:24 p.m.
  • Length: 30:01
Show
View Real Time Build Order
Export as new Build Order

Zero Terran 

Build Orders: Reaper Expand, Bio Mine 

Get SALT Encoding   

  12  0:00  SCV  
  13  0:12  SCV  
  14  0:17  Supply Depot  
  14  0:24  SCV  
  14  0:28  Refinery  
  15  0:39  SCV  
  16  0:45  Barracks  
  16  0:51  SCV  
  17  1:03  SCV  
  18  1:15  SCV  
  19  1:32  Reaper, Orbital Command  
  20  1:46  Command Center  
  20  1:59  Factory  
  20  2:02  SCV  
  20  2:07  Barracks Reactor  
  21  2:11  Supply Depot  
  21  2:14  SCV  
  22  2:21  Refinery  
  22  2:27  SCV  
  23  2:39  SCV  
  24  2:44  Starport  
  24  2:45  Marine x2  
  24  2:49  Widow Mine  
  24  2:51  SCV  
  26  2:58  Orbital Command  
  29  3:03  SCV  
  29  3:05  Marine x2  
  32  3:15  SCV  
  32  3:18  Widow Mine  
  35  3:22  Medivac  
  35  3:23  Marine x2  
  35  3:24  SCV  
  40  3:27  SCV  
  40  3:33  Supply Depot  
  41  3:36  SCV  
  41  3:40  Marine, SCV  
  41  3:41  Marine  
  45  3:48  Engineering Bay, SCV  
  45  3:51  Factory Tech Lab  
  46  3:58  Marine x2  
  46  4:01  Barracks  
  48  4:03  Barracks, SCV  
  48  4:05  SCV  
  50  4:13  Siege Tank  
  52  4:17  Missile Turret  
  52  4:19  SCV  
  52  4:20  SCV  
  54  4:27  Terran Infantry Weapons Level 1, Supply Depot  
  54  4:28  Starport Reactor  
  54  4:41  Supply Depot  
  54  4:46  SCV  
  54  4:47  Marine  
  54  4:48  SCV  
  54  4:49  Marine  
  54  4:57  Barracks Tech Lab  
  54  4:58  SCV  
  54  4:59  Barracks Reactor  
  55  5:02  Missile Turret, SCV  
  52  5:10  SCV, Marine x2  
  52  5:11  Siege Tank, Medivac  
  60  5:14  Supply Depot  
  60  5:16  Marine  
  60  5:19  Supply Depot  
  61  5:22  Stimpack  
  61  5:23  SCV x2  
  61  5:28  Marine  
  64  5:29  Command Center  
  64  5:31  Marine  
  64  5:35  SCV  
  66  5:40  Marine x2  
  64  5:48  Marine  
  64  5:49  SCV x2  
  66  5:50  Siege Tank  
  69  5:57  Barracks x2  
  69  6:00  Marine  
  69  6:01  Marine x2, SCV  
  73  6:04  SCV  
  73  6:06  Marine  
  73  6:07  Refinery  
  73  6:08  Refinery  
  75  6:12  Marine  
  75  6:13  SCV  
  75  6:15  Supply Depot  
  77  6:18  Medivac  
  77  6:19  Marine  
  77  6:20  Medivac, Marine x2  
  77  6:22  SCV  
  85  6:31  SCV  
  86  6:37  SCV  
  86  6:38  Supply Depot, Terran Infantry Armor Level 1  
  87  6:43  Marine x4  
  87  6:44  SCV  
  93  6:49  SCV  
  93  6:53  Supply Depot x2  
  94  6:54  Barracks Tech Lab  
  94  6:56  Barracks Reactor  
  93  7:03  Orbital Command  
  93  7:06  Marine x2  
  95  7:12  Engineering Bay  
  95  7:14  Medivac  
  97  7:15  Armory  
  97  7:16  Combat Shields  
  97  7:17  Marine x3  
  97  7:19  Supply Depot, SCV  
  97  7:20  Factory Reactor, SCV  
  97  7:21  Orbital Command  
  101  7:28  Marauder  
  103  7:33  SCV x2  
  105  7:39  Marine x4  
  105  7:40  Concussive Shells  
  109  7:46  SCV x2  
  109  7:47  SCV  
  109  7:51  Missile Turret  
  112  7:52  Refinery x2  
  112  7:55  Supply Depot, Marine x4  
  112  7:57  Marine x2  
  118  7:58  Widow Mine, SCV x2  
  118  8:04  Widow Mine, SCV  
  125  8:06  Marine x2  
  125  8:12  SCV x2  
  129  8:13  Marine  
  129  8:14  Marauder  
  129  8:17  SCV  
  129  8:18  Marine x3  
  129  8:19  Marauder  
  138  8:23  Terran Infantry Weapons Level 2  
  138  8:24  SCV  
  138  8:26  Medivac x2, Marine x2  
  145  8:29  SCV  
  145  8:33  SCV  
  147  8:35  Terran Infantry Armor Level 2, Marauder  
  147  8:36  Supply Depot  
  147  8:41  Supply Depot  
  149  8:46  Supply Depot  
  149  8:48  Supply Depot  
  149  8:57  SCV x2, Marine x4  
  155  9:03  Widow Mine x2  
  155  9:04  Missile Turret  
  155  9:06  Supply Depot  
  155  9:07  Factory  
  155  9:08  Supply Depot, Marine x2  
  155  9:09  Supply Depot  
  155  9:22  Marauder, Marine x3  
  159  9:25  Marine  
  159  9:28  Liberator x2  
  155  9:31  Barracks  
  155  9:32  Barracks  
  155  9:35  Barracks  
  151  9:41  Marine  
  151  9:42  Marine  
  151  9:44  Widow Mine x2  
  159  9:46  SCV  
  159  9:47  SCV  
  159  9:48  Marine  
  165  9:58  Marine  
  165  9:59  Marauder  
  168  10:02  Drilling Claws  
  168  10:03  Missile Turret  
  168  10:05  Marine  
  168  10:06  Marauder  
  152  10:29  Marauder, Marine x2  
  152  10:31  SCV x3  
  150  10:43  SCV x3  
  150  10:46  Widow Mine x3  
  150  10:47  Marine x3  
  150  10:48  Marauder  
  158  10:56  SCV  
  158  10:57  SCV x2  
  161  11:03  Barracks Reactor x2, Barracks Tech Lab  
  161  11:06  Barracks Tech Lab x2  
  161  11:07  Terran Infantry Weapons Level 3  
  161  11:09  SCV  
  161  11:10  SCV x2  
  164  11:20  Bunker  
  164  11:21  SCV  
  164  11:22  SCV  
  166  11:29  Terran Infantry Armor Level 3  
  165  11:40  Marauder, Marine  
  165  11:43  Widow Mine x2  
  169  11:49  Marine  
  169  11:50  Marauder, Marine  
  171  11:54  Marine x2  
  171  11:55  Marauder  
  171  11:56  SCV x2  
  168  12:14  Liberator x2  
  163  12:20  SCV x3  
  164  12:32  Marine, SCV x2, Marauder  
  164  12:34  Terran Vehicle And Ship Armor Level 1  
  175  12:53  Marauder, Marine x2  
  175  12:54  Missile Turret  
  175  12:56  Marine x2  
  175  12:57  Marauder x2  
  175  12:58  Widow Mine x2  
  175  12:59  Widow Mine  
  181  13:14  Marine x2  
  181  13:15  Marine, Command Center, Marauder x2  
  188  13:25  Ghost Academy  
  185  13:39  Viking x2  
  183  13:43  Marine x2  
  183  13:44  Marauder x2, Marine  
  177  13:55  Marauder, Marine x4  
  166  13:56  Marauder, Marine  
  166  14:01  Marine  
  161  14:05  Personal Cloaking, Marauder x2  
  165  14:17  Marine x3  
  165  14:18  Marauder x2, Marine  
  173  14:27  Medivac x2  
  173  14:29  Marine  
  178  14:38  Planetary Fortress  
  178  14:41  Missile Turret  
  170  15:02  Ghost  
  171  15:17  Marine x3  
  171  15:18  Marauder  
  134  15:51  Marauder x2, Marine x2  
  138  16:02  Marine x2  
  138  16:03  Marauder  
  142  16:04  Marine  
  143  16:11  Medivac  
  145  16:24  Marine x4  
  145  16:25  Marauder  
  151  16:37  Ghost  
  151  16:38  Marine  
  151  16:39  Viking  
  154  16:40  Marine x2  
  154  16:41  Marauder, Marine  
  158  17:04  Marine  
  158  17:05  SCV x2  
  158  17:06  SCV x2  
  158  17:17  SCV  
  157  17:25  SCV x3  
  158  17:38  Viking x2  
  161  17:59  Starport  
  161  18:03  Marine x4  
  161  18:04  Marauder x4  
  171  18:08  Viking x2  
  175  18:14  Marine  
  175  18:15  Marine x2  
  176  18:25  Marauder  
  178  18:36  Terran Ship Weapons Level 1  
  178  18:38  Viking x2  
  178  18:40  Viking  
  178  19:08  Viking  
  174  19:29  Ghost, Marine x3  
  174  19:30  Marauder x3, Marine  
  156  19:34  Marine  
  156  19:35  Marine x2  
  139  19:51  Marauder  
  129  19:59  Marine x3  
  119  20:00  Marauder  
  119  20:02  Ghost, Marine  
  119  20:03  Marauder, Marine  
  119  20:06  Marine  
  110  20:07  Marine  
  100  20:18  Marine x3  
  100  20:19  Marauder  
  101  20:26  Viking  
  96  20:46  Marauder, Marine x4  
  96  20:47  Marauder, Marine  
  101  20:55  Marine x2  
  101  21:10  Orbital Command  
  101  21:11  Viking x3  
  103  21:12  Marine  
  104  21:23  Marine  
  104  21:24  Marauder x2, Marine x3  
  110  21:27  Missile Turret  
  110  21:32  Marine  
  110  21:33  Marauder, Marine  
  114  21:40  Marine x2  
  114  21:41  Marauder  
  108  21:52  Marine x2  
  108  21:53  Marauder  
  112  21:54  Marine x2  
  112  21:55  Marauder, Marine x2  
  112  21:58  Marine  
  112  21:59  Marauder, Marine  
  122  22:02  Marine  
  122  22:18  Viking x2  
  122  22:19  Viking  
  127  22:34  Command Center  
  123  22:44  SCV x3  
  122  22:46  SCV  
  124  22:54  Viking  
  124  22:55  Viking x2  
  106  23:06  Marine  
  106  23:07  Marauder x2  
  95  23:13  Marine x2  
  95  23:14  Marine  
  98  23:20  Marine  
  98  23:21  Marauder  
  101  23:29  Marine x3  
  100  23:35  Marine  
  100  23:36  Marauder, Marine  
  104  23:41  Marine x2  
  104  23:42  Marine  
  107  23:51  Marine  
  107  23:52  Marauder, Marine x2  
  107  23:53  Marauder  
  114  24:02  Marauder, Marine x3  
  118  24:03  Marauder  
  114  24:22  Marine x3  
  114  24:23  Marauder x2, Marine  
  122  24:28  Planetary Fortress  
  121  24:32  Marine x2  
  121  24:33  Marauder  
  121  24:39  SCV x3  
  121  24:40  SCV  
  119  24:51  Marine x4  
  119  24:52  Marauder x2  
  126  25:06  SCV x3  
  124  25:19  Marine x4  
  124  25:20  Marauder x2  
  128  25:33  Medivac x3  
  118  26:02  Marine  
  118  26:03  Marauder x2, Marine x2  
  73  26:18  Marine x2  
  63  26:27  Marine  
  63  26:28  Marine  
  63  26:32  SCV x2  
  49  26:56  SCV x3  
  50  27:06  Orbital Command  
  32  27:17  Marine x4  
  32  27:18  Marine  
  35  27:23  SCV  
  35  27:32  Marine x2  
  31  27:45  Marine x3  
  31  27:49  Marine  
  32  27:53  SCV  
  33  27:59  SCV  
  33  28:04  Marine x2  
  35  28:12  Marine  
  34  28:16  Marine x3  
  34  28:19  Refinery  
  37  28:20  SCV  
  37  28:22  SCV  
  39  28:28  Marine x2  
  41  28:34  SCV  
  41  28:35  Refinery  
  34  28:50  Marine x2  
  34  28:51  Marauder, Marine  
  34  28:55  SCV x2  
  34  28:58  Marine x3  
  34  29:02  SCV  
  38  29:09  SCV  
  39  29:12  SCV  
  39  29:16  Marine  
  41  29:20  Medivac  
  43  29:25  SCV  
  43  29:27  Marine x2  
  46  29:31  Marine  
  46  29:32  Marine  
Show
View Real Time Build Order
Export as new Build Order

Maplez Protoss - Winner!

Build Orders: 1 Gate Expand, Oracle Opening 

Get SALT Encoding   

  12  0:01  Probe (Chrono Boost)  
  13  0:11  Probe (Chrono Boost)  
  14  0:17  Pylon  
  14  0:22  Probe (Chrono Boost)  
  15  0:35  Probe (Chrono Boost)  
  16  0:36  Gateway  
  16  0:45  Probe (Chrono Boost)  
  16  0:46  Assimilator  
  17  0:56  Probe (Chrono Boost)  
  18  1:06  Probe (Chrono Boost)  
  19  1:17  Probe (Chrono Boost)  
  20  1:24  Nexus  
  20  1:27  Probe (Chrono Boost)  
  21  1:34  Cybernetics Core  
  21  1:38  Probe (Chrono Boost)  
  22  1:44  Assimilator  
  22  1:49  Pylon  
  22  1:52  Probe (Chrono Boost)  
  23  2:12  Adept  
  23  2:13  Mothership Core (Chrono Boost)  
  27  2:18  Warp Gate  
  27  2:33  Probe (Chrono Boost)  
  27  2:36  Probe (Chrono Boost)  
  29  2:39  Adept  
  29  2:43  Probe (Chrono Boost)  
  32  2:47  Probe (Chrono Boost)  
  33  2:52  Stargate  
  33  2:54  Probe (Chrono Boost)  
  33  2:57  Probe (Chrono Boost)  
  35  3:04  Probe (Chrono Boost)  
  36  3:08  Probe (Chrono Boost)  
  36  3:11  Gateway  
  36  3:12  Gateway  
  37  3:15  Probe (Chrono Boost)  
  37  3:19  Probe (Chrono Boost)  
  39  3:21  Pylon  
  39  3:25  Probe (Chrono Boost)  
  40  3:29  Probe (Chrono Boost)  
  40  3:31  Pylon  
  40  3:32  Oracle  
  41  3:37  Probe (Chrono Boost)  
  45  3:43  Probe (Chrono Boost)  
  45  3:46  Adept  
  49  3:49  Probe (Chrono Boost)  
  49  3:54  Probe (Chrono Boost)  
  50  4:00  Pylon  
  50  4:01  Probe (Chrono Boost)  
  51  4:03  Oracle  
  51  4:04  Probe (Chrono Boost)  
  51  4:09  Pylon  
  55  4:14  Probe (Chrono Boost)  
  55  4:15  Probe (Chrono Boost)  
  58  4:26  Probe (Chrono Boost)  
  58  4:27  Probe (Chrono Boost)  
  58  4:29  Nexus  
  59  4:35  Twilight Council  
  59  4:39  Adept, Forge  
  59  4:40  Adept  
  53  4:53  Adept, Probe (Chrono Boost)  
  53  4:55  Probe (Chrono Boost)  
  53  4:58  Pylon  
  56  5:01  Resonating Glaives  
  56  5:06  Phoenix, Probe (Chrono Boost)  
  57  5:09  Probe (Chrono Boost)  
  57  5:11  Adept x2  
  64  5:18  Probe (Chrono Boost)  
  65  5:25  Probe (Chrono Boost)  
  65  5:26  Assimilator  
  66  5:28  Assimilator  
  66  5:30  Probe (Chrono Boost)  
  66  5:31  Phoenix  
  70  5:37  Probe (Chrono Boost)  
  71  5:43  Probe (Chrono Boost)  
  71  5:49  Probe (Chrono Boost)  
  69  5:51  Probe (Chrono Boost)  
  69  5:54  Adept x2, Phoenix  
  69  5:55  Probe (Chrono Boost)  
  77  6:04  Probe x2 (Chrono Boost)  
  79  6:08  Probe (Chrono Boost)  
  79  6:10  Adept  
  82  6:16  Probe (Chrono Boost)  
  82  6:18  Protoss Ground Weapons Level 1, Probe (Chrono Boost)  
  84  6:22  Probe (Chrono Boost)  
  84  6:25  Gateway, Robotics Facility  
  85  6:26  Gateway  
  85  6:27  Phoenix  
  85  6:28  Gateway  
  85  6:30  Pylon  
  87  6:42  Adept  
  87  6:43  Adept x2  
  93  6:49  Phoenix  
  95  6:56  Probe (Chrono Boost)  
  95  6:58  Probe (Chrono Boost)  
  95  7:01  Probe (Chrono Boost)  
  98  7:06  Gateway  
  98  7:08  Gateway, Probe (Chrono Boost)  
  99  7:12  Probe (Chrono Boost)  
  99  7:13  Phoenix, Warp Prism  
  103  7:17  Probe (Chrono Boost)  
  105  7:28  Probe (Chrono Boost)  
  106  7:32  Pylon  
  106  7:33  Pylon  
  107  7:37  Probe (Chrono Boost)  
  107  7:38  Phoenix, Robotics Bay  
  109  7:45  Warp Prism  
  109  7:47  Photon Cannon  
  109  7:48  Pylon  
  109  7:50  Photon Cannon  
  112  7:52  Probe (Chrono Boost), Photon Cannon  
  112  7:54  Probe (Chrono Boost)  
  112  7:57  Probe (Chrono Boost)  
  114  8:03  Phoenix  
  116  8:09  Probe (Chrono Boost)  
  116  8:10  Protoss Ground Armor Level 1  
  117  8:14  Extended Thermal Lance  
  117  8:19  Probe (Chrono Boost)  
  118  8:21  Robotics Facility  
  118  8:22  Nexus  
  118  8:25  Pylon  
  118  8:36  Adept x4  
  118  8:38  Adept x2  
  118  8:39  Adept  
  132  8:45  Colossus  
  133  8:50  Stalker, Probe (Chrono Boost)  
  138  9:10  Probe (Chrono Boost)  
  138  9:15  Adept  
  140  9:19  Probe (Chrono Boost)  
  140  9:21  Assimilator  
  140  9:22  Adept x2, Photon Cannon  
  140  9:24  Colossus  
  137  9:27  Assimilator  
  137  9:28  Assimilator  
  137  9:30  Pylon  
  138  9:32  Probe (Chrono Boost), Pylon x2  
  138  9:34  Stalker  
  138  9:35  Stalker x4  
  149  9:53  Probe x3 (Chrono Boost)  
  149  10:00  Adept x2  
  149  10:01  Adept x3  
  149  10:05  Adept  
  149  10:06  Adept x2  
  165  10:18  Colossus  
  157  10:22  Adept x5, Colossus  
  177  10:33  Adept  
  177  10:34  Adept x2  
  173  10:36  Protoss Ground Weapons Level 2  
  163  10:48  Blink  
  159  10:50  Adept x5  
  159  10:56  Pylon  
  167  10:59  Pylon  
  167  11:10  Adept  
  167  11:11  Adept x5  
  185  11:19  Stalker x2  
  189  11:35  Stalker x3  
  181  12:23  Nexus  
  181  12:27  Assimilator  
  181  12:28  Assimilator  
  181  12:31  Pylon x2  
  181  12:34  Templar Archives  
  181  12:35  Pylon  
  181  12:36  Protoss Ground Weapons Level 3, Pylon  
  181  12:39  Robotics Facility  
  181  12:46  Stalker  
  181  12:47  Stalker x2  
  187  12:56  Charge  
  187  12:59  Psionic Storm  
  187  13:02  Adept x4  
  195  13:16  Gateway x2, Pylon  
  195  13:17  Photon Cannon  
  195  13:18  Gateway  
  187  13:21  Photon Cannon  
  187  13:23  Photon Cannon  
  187  13:28  Disruptor  
  144  13:48  Stalker x3  
  144  13:49  Stalker x4  
  116  14:11  Colossus x2  
  116  14:13  Adept x2  
  116  14:14  Adept x4, Nexus  
  134  14:17  High Templar x2  
  134  14:18  Assimilator, High Templar x2  
  134  14:22  Assimilator  
  140  14:30  Pylon  
  140  14:33  Pylon  
  140  14:35  Adept x3  
  146  14:41  Adept x3  
  144  14:55  Stalker x4  
  144  14:56  Stalker x3  
  154  15:04  Colossus  
  154  15:05  Colossus  
  146  15:22  Stalker x2  
  146  15:23  Stalker x2  
  150  15:36  Nexus  
  113  15:53  Adept x3  
  113  15:54  Adept x4  
  117  16:02  Probe (Chrono Boost)  
  117  16:03  Probe x3 (Chrono Boost)  
  121  16:16  Adept  
  121  16:17  Adept x2  
  127  16:31  Adept x3  
  127  16:45  Disruptor  
  120  17:07  Zealot x2  
  120  17:08  Zealot x3  
  126  17:21  Stalker x2  
  128  17:24  Observer  
  127  17:42  Adept x3  
  133  18:01  Disruptor  
  133  18:03  Disruptor  
  135  18:06  Probe x2 (Chrono Boost)  
  141  18:22  Probe (Chrono Boost)  
  140  18:35  Disruptor  
  140  18:40  Disruptor  
  147  18:48  Probe (Chrono Boost)  
  147  18:58  Stalker x2  
  129  19:35  Disruptor, Probe (Chrono Boost)  
  129  19:36  Probe (Chrono Boost)  
  129  19:37  Observer  
  119  19:52  Probe x2 (Chrono Boost)  
  119  19:54  Probe (Chrono Boost)  
  110  20:03  Adept x4  
  110  20:04  Probe (Chrono Boost)  
  110  20:05  Probe (Chrono Boost)  
  102  20:29  Nexus  
  102  20:47  Stalker x3  
  106  21:08  Disruptor  
  106  21:17  Adept x3  
  106  21:18  Adept  
  115  21:31  Observer  
  115  21:33  Assimilator  
  116  21:40  Pylon  
  112  21:47  Disruptor  
  112  21:50  Probe x2 (Chrono Boost)  
  118  22:02  Probe x2 (Chrono Boost)  
  118  22:03  Probe x2 (Chrono Boost)  
  118  22:07  Adept x4  
  129  22:24  Stalker x4  
  135  22:47  Stalker  
  135  22:48  Stalker x3  
  130  23:05  Probe (Chrono Boost)  
  130  23:06  Probe (Chrono Boost)  
  130  23:07  Probe (Chrono Boost)  
  130  23:10  Probe (Chrono Boost)  
  130  23:11  Disruptor x2  
  113  23:18  Zealot  
  113  23:19  Zealot x3  
  102  23:42  Adept x2, Disruptor  
  109  23:53  Stalker x4  
  113  24:10  Adept  
  115  24:17  Stalker x4  
  115  24:18  Stalker  
  123  24:37  Disruptor  
  124  24:47  Adept x4  
  124  24:48  Adept x2  
  136  25:00  Disruptor  
  139  25:13  Adept x5  
  139  25:14  Adept  
  151  25:18  Adept  
  150  25:33  Adept x4, Disruptor  
  127  26:11  Probe (Chrono Boost)  
  112  26:14  Probe (Chrono Boost)  
  96  26:20  Zealot  
  96  26:21  Zealot x8  
  96  26:22  Zealot  
  93  26:37  Disruptor x2  
  95  26:55  Adept x6  
  92  27:12  Stalker x3  
  88  27:39  Stalker x5  
  90  28:02  Nexus  
  88  28:16  Zealot x2  
  88  28:17  Zealot x2  
  96  28:28  Assimilator  
  96  28:30  Assimilator, Pylon  
  73  28:58  High Templar x4  
  73  28:59  High Templar x4  
  89  29:06  Archon x2  
  89  29:11  Stalker x2  
  93  29:31  Adept x5  
  101  29:43  Adept x3  
Tags
 
Add a new tag
Caveats
  • Supply blocks, unpowered buildings, or Contaminate may cause inaccurate times.
  • Supply counts are checked every 10 seconds.